 Dungeon Crawl Stone Soup version 0.18.1-6-gd335043 (webtiles) character file.

124 stauk the Magician (level 5, 28/28 HPs)
             Began as a Kobold Conjurer on May 18, 2016.
             Quit the game on level 2 of the Dungeon.
             The game lasted 00:26:45 (4014 turns).

stauk the Magician (Kobold Conjurer)                Turns: 4014, Time: 00:26:46

Health: 28/28      AC:  3    Str:  7    XL:     5   Next: 30%
Magic:  11/11      EV: 15    Int: 14    God:
Gold:   59         SH:  0    Dex: 16    Spells: 3 memorised, 7 levels left

rFire  . . .     SeeInvis .     e - +0 dagger
rCold  . . .     Gourm    .     k - +0 robe
rNeg   . . .     Faith    .     (shield restricted)
rPois  .         Spirit   .     (no helmet)
rElec  .         Dismiss  .     (no cloak)
rCorr  .         Reflect  .     x - +0 pair of gloves
SustAt .         Harm     .     (no boots)
MR     .....                    (no amulet)
Stlth  ++........               (no ring)
                                (no ring)

@: not resistant to hostile enchantments, unstealthy
A: carnivore 3
a: no special abilities


You were on level 2 of the Dungeon.
You were very full.

You visited 1 branch of the dungeon, and saw 3 of its levels.

You collected 59 gold pieces.

Inventory:

Hand Weapons
 e - a +0 dagger (weapon)
 f - a cursed +0 short sword
 i - a +0 whip
 l - a +0 dagger
 o - a +0 hunting sling
 p - a +0 short sword
 q - a +0 hunting sling
Missiles
 d - 86 stones (quivered)
 v - 65 arrows
 y - 10 sling bullets
Armour
 a - a +0 robe
 k - a +0 robe (worn)
 r - a +0 ring mail
 s - a +0 buckler
 x - a +0 pair of gloves (worn)
Scrolls
 m - a scroll of identify {unknown}
 n - a scroll of teleportation
 t - a scroll of random uselessness
 u - a scroll of magic mapping {unknown}
Potions
 g - a potion of heal wounds {unknown}
 h - a potion of haste {unknown}
 z - a potion of flight {unknown}
Books
 b - a book of Conjurations

   Spells                             Type                      Level
   a - Magic Dart                     Conjuration                  1
   b - Searing Ray                    Conjuration                  2
   c - Dazzling Spray                 Conjuration/Hexes            3
   d - Fulminant Prism                Conjuration/Hexes            4
   e - Iskenderun's Mystic Blast      Conjuration                  4
   f - Iskenderun's Battlesphere      Conjuration/Charms           5
Comestibles
 c - a meat ration
 j - a beef jerky


   Skills:
 - Level 2.4 Dodging
 - Level 2.6 Stealth
 + Level 4.5 Spellcasting
 + Level 3.8 Conjurations


You had 7 spell levels left.
You knew the following spells:

 Your Spells              Type           Power        Failure   Level  Hunger
a - Magic Dart            Conj           ##..         4%          1    None
b - Searing Ray           Conj           ##....       10%         2    ##.....
c - Dazzling Spray        Conj/Hex       #.......     24%         3    ###....


Dungeon Overview and Level Annotations

Branches:
Dungeon (3/15)

Altars:

Annotations:
D:3 Natasha; NoLuckNoSkill's ghost, amateur TrMo


Innate Abilities, Weirdness & Mutations

You are small and have problems with some larger weapons.
You are carnivorous and can eat meat at any time.


Message History

a dagger; a ring mail; an orc skeleton You start resting.
Magic restored.
Saving game... please wait.
Welcome back, stauk the Kobold Conjurer.
Press ? for a list of commands and other information.
You start waiting.
Some of the chunks of flesh in your inventory have rotted away.
Eating a chunk of flesh.
This raw flesh tastes great.
You continue eating. x2
Done waiting.
You start waiting.
Done waiting.
You start waiting.
Done waiting.
You start waiting.
Done waiting.
You start waiting.
An adder comes into view.
Are you sure you want to abandon this character and quit the game? (Confirm with "yes".)

##.## ####.### #.# ##...##
#.>[...## #.# ##.#.#.##
#.......#########.#
#.##.##.#####.#...............#
#.##..........##....###########
#.#####.########.#### ##.###.##
#.# ##...## #.# ##### #@# #.#
#.# #########.####
########............#
.......#.#####...##.###########
.#####.#.##..........S.....<..#
.#####.#.##.##....#.#########.#
.##.........##......# #.#


There were no monsters in sight!

Vanquished Creatures
  Jessica (D:2)
  4 adders
  A worm (D:2)
  2 dart slugs (D:2)
  3 giant geckos
  An orc (D:2)
  A ball python (D:2)
  8 bats
  5 giant cockroaches
  6 goblins
  5 hobgoblins
  6 kobolds
  3 giant newts (D:1)
  3 rats
49 creatures vanquished.

Notes
Turn   | Place    | Note
--------------------------------------------------------------
     0 | D:1      | stauk the Kobold Conjurer began the quest for the Orb.
     0 | D:1      | Reached XP level 1. HP: 10/10 MP: 3/3
     3 | D:1      | Noticed an electric eel
     6 | D:1      | Noticed an electric eel
   174 | D:1      | Reached XP level 2. HP: 12/15 MP: 0/5
   229 | D:1      | Learned a level 2 spell: Searing Ray
   530 | D:1      | Reached skill level 3 in Spellcasting
   644 | D:1      | Reached XP level 3. HP: 19/19 MP: 1/7
   737 | D:1      | Learned a level 3 spell: Dazzling Spray
  1719 | D:2      | Noticed Jessica
  1724 | D:2      | Killed Jessica
  1724 | D:2      | Reached skill level 4 in Spellcasting
  1724 | D:2      | Reached XP level 4. HP: 24/24 MP: 6/10
  1767 | D:2      | You fall through a shaft!
  2137 | D:3      | Noticed Natasha
  2647 | D:2      | Reached XP level 5. HP: 28/28 MP: 5/11
  3295 | D:3      | Found a faded altar to an unknown god.
  3314 | D:3      | Noticed NoLuckNoSkill's ghost (amateur TrMo)
  4014 | D:2      | Quit the game

Skill      XL: |  1  2  3 |
---------------+----------+-----
Spellcasting   | 3 4 |  4.5
Dodging        | |  2.4
Stealth        | |  2.6
Conjurations   | |  3.8

Action                   |  1- 3 |  4- 6 || total
-------------------------+-------+-------++-------
Melee: Dagger            |     4 |       ||     4
 Cast: Magic Dart        |    49 |    51 ||   100
       Searing Ray       |     6 |     7 ||    13
  Use: Scroll            |       |     2 ||     2
  Eat: Chunk             |    11 |     7 ||    18
Armor: Robe              |     3 |     1 ||     4
Dodge: Dodged            |    18 |    11 ||    29
